 Dungeon Crawl Stone Soup version 0.24-a0-513-g284f782df5 (webtiles) character file.

Game seed: 4958285085403346465

788097 Azzok the Impregnable (level 27, -8/198 HPs)
             Began as a Centaur Fighter on July 20, 2019.
             Was the Champion of Makhleb.
             Mangled by a reaper
             ... wielding a +1 scythe of venom
              (24 damage)
             ... on level 3 of the Iron City of Dis.
             The game lasted 03:59:16 (103701 turns).

Azzok the Impregnable (Centaur Fighter)           Turns: 103701, Time: 03:59:17

Health: -8/198     AC: 47    Str: 29 (30) XL:     27
Magic:  42/42      EV:  6    Int: 15 (16) God:    Makhleb [******]
Gold:   7925       SH: 16    Dex: 20      Spells: 45/56 levels left

rFire    + + +     SeeInvis .   a - +10 zealot's sword {holy, *Rage rN+ EV+3}
rCold    + + +     Gourm    .   Z - +2 shield {rN+}
rNeg     + + +     Faith    .   B - +6 gold dragon scales
rPois    +         Spirit   .   C - +1 hat of Liberty {rF+++ Str-2 Int+4 Slay+3}
rElec    +         Reflect  .   Y - +1 cloak "Ygronkug" {rElec MR+ Int+4 Dex+3}
rCorr    +         Harm     .   Q - +2 pair of gloves of Grace {Dex+6}
MR       +++++     Clarity  +   N - +4 centaur barding "Wiffos" {rCorr Dex+3}
Stlth    ..........             O - amulet of the Four Winds {rN+ MR+++ Clar}
HPRegen  0.43/turn              U - ring of Mirth {Wiz rElec rC++ Dex-4 Stlth+}
MPRegen  0.28/turn              g - ring of Xom's Fair Game {+Fly rF+ rC+ Str+4 Int+2 Stlth+}

@: marked, very slightly contaminated, very quick
A: large, hooves 3, deformed body, deterioration 1, dopey 1, speed 2, frail 1,
tough skin 3
}: 4/15 runes: decaying, serpentine, silver, bone
a: Minor Destruction, Lesser Servant of Makhleb, Major Destruction, Greater
Servant of Makhleb, Renounce Religion, Evoke Flight


You were on level 3 of the Iron City of Dis.
You worshipped Makhleb.
Makhleb was exalted by your worship.
You were not hungry.

You visited 13 branches of the dungeon, and saw 59 of its levels.
You visited the Abyss 1 time.
You visited 2 bazaars.
You also visited: Gauntlet and Volcano.

You collected 14056 gold pieces.
You spent 6131 gold pieces at shops.

Inventory:

Hand Weapons
 a - the +10 zealot's sword (weapon) {holy, *Rage rN+ EV+3}
   (You bought it in a shop on level 8 of the Dungeon)

   It has been blessed by the Shining One to cause great damage to the undead
   and demons.
   It affects your evasion (+3).
   It protects you from negative energy.
   It may make you go berserk in combat.
 V - a +1 antimagic triple sword
Missiles
 x - 5 throwing nets (quivered)
Armour
 v - a +1 crystal plate armour
 w - the +0 shield "Qiuguxo" {+Fly rElec Str+7 Int-5}
   (Okawaru gifted it to you on level 3 of the Elven Halls)

   It affects your strength (+7).
   It affects your intelligence (-5).
   It insulates you from electricity.
   It lets you fly.
 B - +6 gold dragon scales (worn)
 C - the +1 hat of Liberty (worn) {rF+++ Str-2 Int+4 Slay+3}
   (Okawaru gifted it to you on level 4 of the Lair of Beasts)

   It affects your strength (-2).
   It affects your intelligence (+4).
   It affects your accuracy and damage with ranged weapons and melee attacks
   (+3).
   It renders you almost immune to fire.
 N - the +4 centaur barding "Wiffos" (worn) {rCorr Dex+3}
   (Okawaru gifted it to you on level 13 of the Dungeon)

   It affects your dexterity (+3).
   It provides partial protection from all sources of acid and corrosion.
 Q - the +2 pair of gloves of Grace (worn) {Dex+6}
   (You acquired it on level 11 of the Dungeon)

   It affects your dexterity (+6).
 Y - the +1 cloak "Ygronkug" (worn) {rElec MR+ Int+4 Dex+3}
   (You found it in a Gauntlet)

   It affects your intelligence (+4).
   It affects your dexterity (+3).
   It insulates you from electricity.
   It affects your resistance to hostile enchantments.
 Z - a +2 shield of positive energy (worn)
Jewellery
 g - the ring of Xom's Fair Game (right hand) {+Fly rF+ rC+ Str+4 Int+2 Stlth+}
   (You found it on level 5 of the Vaults)

   [ring of protection from cold]

   It affects your strength (+4).
   It affects your intelligence (+2).
   It protects you from fire.
   It protects you from cold.
   It lets you fly.
   It makes you more stealthy.
 l - the ring of Lies {rN+ Slay+3 Stlth+}
   (You found it on level 3 of the Crypt)

   [ring of positive energy]

   It affects your accuracy and damage with ranged weapons and melee attacks
   (+3).
   It protects you from negative energy.
   It makes you more stealthy.
 I - the ring "Jogineb" {rF+ rC++}
   (You found it on level 7 of the Dungeon)

   [ring of protection from fire]

   It protects you from fire.
   It greatly protects you from cold.
 O - the amulet of the Four Winds (around neck) {rN+ MR+++ Clar}
   (You bought it in a shop on level 2 of the Elven Halls)

   [amulet of nothing]

   It protects you from negative energy.
   It affects your resistance to hostile enchantments.
   It protects you against confusion.
 U - the ring of Mirth (left hand) {Wiz rElec rC++ Dex-4 Stlth+}
   (You acquired it on level 2 of the Vaults)

   [ring of wizardry]

   It improves your spell success rate.
   It affects your dexterity (-4).
   It greatly protects you from cold.
   It insulates you from electricity.
   It makes you more stealthy.
 X - an uncursed ring of see invisible
Wands
 h - a wand of flame (9)
 n - a wand of acid (25)
 r - a wand of scattershot (6)
 y - a wand of disintegration (84)
 D - a wand of paralysis (19)
 F - a wand of clouds (18)
 M - a wand of iceblast (26)
Scrolls
 b - a scroll of brand weapon
 e - 11 scrolls of enchant weapon
 k - 16 scrolls of identify
 m - 15 scrolls of amnesia
 p - 14 scrolls of fog
 s - 2 scrolls of summoning
 t - 37 scrolls of remove curse
 J - 6 scrolls of teleportation
 K - 6 scrolls of blinking
 L - 10 scrolls of fear
 P - 10 scrolls of magic mapping
Potions
 c - 4 potions of invisibility
 d - a potion of might
 i - 10 potions of heal wounds
 j - 13 potions of lignification
 o - 2 potions of brilliance
 q - a potion of agility
 z - 7 potions of haste
 A - 12 potions of curing
 E - 12 potions of mutation {!q}
 H - 2 potions of ambrosia
 R - 2 potions of berserk rage
 S - a potion of resistance
Miscellaneous
 T - a phantom mirror
 W - a lamp of fire
Comestibles
 f - 68 rations


   Skills:
 - Level 13.0 Fighting
 + Level 22.0 Long Blades
   Level 16.0 Maces & Flails
 - Level 23.0 Armour
 - Level 12.0 Shields
 + Level 15.4 Spellcasting
 + Level 16.9 Necromancy
 + Level 16.9 Transmutations
 - Level 10.0 Invocations
 - Level 9.0 Evocations


You had 45 spell levels left.
You knew the following spells:

 Your Spells              Type           Power        Failure   Level  Hunger
a - Necromutation         Tmut/Necr      ######....   71%         8    #######
b - Regeneration          Chrm/Necr      #####.....   1%          3    None

Your spell library contained the following spells:

 Spells                   Type           Power        Failure   Level  Hunger
 Animate Skeleton         Necr           N/A          1%          1    None
 Beastly Appendage        Tmut           ######       1%          1    None
 Corpse Rot               Necr           N/A          1%          2    None
 Passwall                 Tmut/Erth      #####...     1%          2    None
 Sticks to Snakes         Tmut           ######..     1%          2    None
 Sublimation of Blood     Necr           ######....   1%          2    None
 Spider Form              Tmut/Pois      #####.....   1%          3    None
 Animate Dead             Necr           N/A          1%          4    #......
 Agony                    Necr           ######..     1%          5    ####...
 Blade Hands              Tmut           ######....   1%          5    ####...
 Dispel Undead            Necr           ######..     1%          5    ####...
 Death Channel            Necr           ######....   2%          6    ######.
 Hydra Form               Tmut           ######....   2%          6    ######.
 Ignite Poison            Fire/Tmut/Pois ####....     5%          3    None
 Ice Form                 Ice/Tmut       #####...     6%          4    #......
 Petrify                  Tmut/Erth      #####...     6%          4    #......
 Alistair's Intoxication  Tmut/Pois      #####...     16%         5    ####...
 Bolt of Draining         Conj/Necr      #####.....   16%         5    ####...
 Borgnjor's Vile Clutch   Necr/Erth      #####.....   16%         5    ####...
 Excruciating Wounds      Chrm/Necr      #####.....   16%         5    ####...
 Irradiate                Conj/Tmut      #####.....   16%         5    ####...
 Yara's Violent Unravell  Hex/Tmut       #####.....   16%         5    ####...
 Dragon Form              Tmut           ######....   16%         7    #######
 Apportation              Tloc           ##....       17%         1    None
 Confusing Touch          Hex            ##....       17%         1    None
 Corona                   Hex            ##.....      17%         1    None
 Freeze                   Ice            ##..         17%         1    None
 Infusion                 Chrm           ##..         17%         1    None
 Shock                    Conj/Air       ##..         17%         1    None
 Summon Butterflies       Summ           ##......     17%         1    None
 Summon Small Mammal      Summ           ##..         17%         1    None
 Call Imp                 Summ           ##......     26%         2    None
 Ensorcelled Hibernation  Hex/Ice        ##....       26%         2    None
 Poisonous Vapours        Pois/Air       ##....       26%         2    None
 Shroud of Golubria       Chrm/Tloc      ##....       26%         2    None
 Song of Slaying          Chrm           ##......     26%         2    None
 Swiftness                Chrm/Air       ##......     26%         2    None
 Throw Frost              Conj/Ice       ##....       26%         2    None
 Call Canine Familiar     Summ           ##......     45%         3    None
 Confuse                  Hex            ##......     45%         3    None
 Conjure Flame            Conj/Fire      ##......     45%         3    None
 Dazzling Spray           Conj/Hex       ##....       45%         3    None
 Gell's Gravitas          Tloc           ##........   45%         3    None
 Lesser Beckoning         Tloc           ##........   45%         3    None
 Mephitic Cloud           Conj/Pois/Air  ##......     45%         3    None
 Ozocubu's Armour         Chrm/Ice       ##......     45%         3    None
 Recall                   Summ/Tloc      N/A          45%         3    None
 Spectral Weapon          Hex/Chrm       ##......     45%         3    None
 Static Discharge         Conj/Air       ##......     45%         3    None
 Stone Arrow              Conj/Erth      ##....       45%         3    None
 Summon Guardian Golem    Hex/Summ       ##......     45%         3    None
 Tukima's Dance           Hex            ##......     45%         3    None
 Simulacrum               Ice/Necr       #####.....   61%         6    ######.
 Statue Form              Tmut/Erth      #####....    61%         6    ######.
 Borgnjor's Revivificati  Necr           ######....   71%         8    #######
 Infestation              Necr           ######....   71%         8    #######
 Airstrike                Air            ##........   85%         4    #......
 Cause Fear               Hex            ##........   85%         4    #......
 Force Lance              Conj/Tloc      ##......     85%         4    #......
 Fulminant Prism          Conj/Hex       ##........   85%         4    #......
 Leda's Liquefaction      Hex/Erth       ##........   85%         4    #......
 Passage of Golubria      Tloc           N/A          85%         4    #......
 Sticky Flame             Conj/Fire      ##......     85%         4    #......
 Summon Ice Beast         Ice/Summ       ##......     85%         4    #......
 Summon Lightning Spire   Summ/Air       ##......     85%         4    #......
 Throw Icicle             Conj/Ice       ##......     85%         4    #......
 Aura of Abjuration       Summ           ##........   99%         5    ####...
 Bolt of Magma            Conj/Fire/Erth ##........   99%         5    ####...
 Fireball                 Conj/Fire      ##........   99%         5    ####...
 Iskenderun's Battlesphe  Conj/Chrm      ##......     99%         5    ####...
 Lee's Rapid Deconstruct  Erth           ##........   99%         5    ####...
 Lightning Bolt           Conj/Air       ##........   99%         5    ####...
 Metabolic Englaciation   Hex/Ice        ##........   99%         5    ####...
 Silence                  Hex/Air        ##........   99%         5    ####...
 Summon Demon             Summ           ##........   99%         5    ####...
 Summon Forest            Summ/Tloc      ##........   99%         5    ####...
 Summon Mana Viper        Hex/Summ       ##......     99%         5    ####...
 Venom Bolt               Conj/Pois      ##........   99%         5    ####...
 Haunt                    Necr/Summ      #####.....   99%         7    #######
 Bolt of Fire             Conj/Fire      ##........   100%        6    ######.
 Darkness                 Hex            ##........   100%        6    ######.
 Dispersal                Tloc           ##........   100%        6    ######.
 Freezing Cloud           Conj/Ice/Air   ##........   100%        6    ######.
 Invisibility             Hex            ##......     100%        6    ######.
 Iron Shot                Conj/Erth      ##........   100%        6    ######.
 Shadow Creatures         Summ           N/A          100%        6    ######.
 Orb of Destruction       Conj           ##........   100%        7    #######
 Ring of Flames           Chrm/Fire      ##........   100%        7    #######
 Death's Door             Chrm/Necr      #####.....   100%        8    #######
 Ignition                 Fire           ##........   100%        8    #######
 Shatter                  Erth           ##........   100%        9    #######
 Tornado                  Air            ##........   100%        9    #######


Dungeon Overview and Level Annotations

Branches:
Dungeon (15/15)            Temple (1/1) D:6            Lair (6/6) D:11
  Swamp (4/4) Lair:3        Snake (4/4) Lair:4        Slime (0/5) Lair:5
    Orc (2/2) D:11            Elf (3/3) Orc:2        Vaults (5/5) D:13
  Crypt (3/3) Vaults:2       Tomb (0/3) Crypt:3      Depths (5/5) D:15
   Hell (1/1)                 Dis (3/7) Hell            Geh (0/7) Hell
    Coc (0/7) Hell            Tar (7/7) Hell            Zot (0/5) Depths:5

Altars:
Ashenzari
Cheibriados
Dithmenos
Elyvilon
Fedhas
Gozag
Hepliaklqana
Kikubaaqudgha
Makhleb
Nemelex Xobeh
Okawaru
Qazlal
Ru
Sif Muna
Trog
Uskayaw
Vehumet
Wu Jian
Xom
Yredelemnul
Zin
The Shining One
Jiyva

Shops:
D:8 *   Orc:1 =(   Orc:2 %:*[   Elf:2 }=   Snake:1 **((*   Vaults:2 ?
Depths:1 :   Depths:2 ==}   Depths:3 }   Depths:4 *

Portals:
Hell: Depths:1 Depths:2 Depths:3 Depths:4 Depths:5
Abyss: Depths:4
Pandemonium: Orc:2 Depths:3
Ziggurat: Depths:4

Annotations:
Snake:1 3 runed translucent doors, exclusion: obsidian statue, KristoblXynda's ghost, adept DrGl
Depths:5 exclusion: 4 draconian stormcallers


Innate Abilities, Weirdness & Mutations

You have hooves in place of feet.
Armour fits poorly on your strangely shaped body.
You cover ground very quickly.
You have extremely tough skin. (AC +3)
Your body sometimes deteriorates upon taking damage.
You are dopey. (Int -2)
You are frail. (-10% HP)


Message History

Unknown command.
Unknown command.
Unknown command.
Unknown command.
Unknown command.
Unknown command.
Unknown command.
Unknown command.
Unknown command.
Unknown command.
Unknown command.
Unknown command.
Unknown command.
Unknown command.
Unknown command.
Unknown command.
Unknown command.
You feel much better.
The reaper hits you with a +1 scythe of venom!!
You die...

▒········▒
▒········▒
▒·······^▒
▒········▒
▒········╬
▒········▒
▒········▒
▒··@5····▒
▒···2····▒
▒▒▒
▒▒▒4▒▒▒▒▒▒
▒·· ···
▒·· ···
▒·· ·····
▒▒▒▒ ·····
▒···
▒······
▒··· ▒···


You could see a reaper, an ice devil and an iron imp.

Vanquished Creatures
  Ereshkigal (Tar:7)
  4 ancient liches
  Mara (Swamp:3)
  A juggernaut (Depths:4)
  Bai Suzhen (Swamp:3)
  Margery (Crypt:2)
  Saint Roka (Snake:4)
  Jory (Depths:3)
  Geryon (Hell)
  2 golden dragons
  A profane servitor (Depths:1)
  4 caustic shrikes
  Nikola (Snake:3)
  22 doom hounds
  the Enchantress (Depths:4)
  17 bone dragons
  54 Tzitzimimeh
  A hellephant (Depths:1)
  4 tentacled monstrosities
  6 liches
  8 deep elf blademasters
  A quicksilver dragon (shapeshifter) (Depths:2)
  3 quicksilver dragons (Vaults:5)
  Murray (Hell)
  11 titans
  Asterion (Depths:3)
  6 deep elf master archers
  5 sphinxes
  2 eldritch tentacles
  4 ancient champions
  An Executioner (Tar:6)
  Frances (D:13)
  A thorn hunter (Swamp:2)
  2 storm dragons (Depths:5)
  7 tengu reavers
  Agnes (Snake:2)
  Roxanne (Snake:1)
  11 shadow dragons
  The ghost of hairmachine the Impaler, an adept MfIE of Dithmenos (Snake:3)
  5 revenants
  Kirke (Lair:5)
  A draconian monk (Depths:5)
  13 fire giants
  A draconian knight (Abyss:2)
  11 nagarajas
  11 deep elf sorcerers
  27 frost giants
  2 iron dragons (Depths:4)
  An orc warlord (Orc:2)
  4 curse skulls
  Aizul (Snake:2)
  2 balrugs
  2 cacodemons
  19 vault wardens
  21 ghouls
  51 reapers
  7 deep elf elementalists
  5 spriggan defenders (Depths:4)
  20 very ugly things
  5 entropy weavers
  19 stone giants
  14 ironheart preservers
  5 war gargoyles
  Nessos (Lair:5)
  2 yellow draconians (Depths:5)
  10 vampire knights
  A green draconian (Depths:5)
  A minotaur (Gauntlet)
  4 deep elf demonologists
  2 black draconians
  3 lorocyprocas
  8 deep elf annihilators
  Snorg (D:13)
  10 spark wasps
  A red draconian (Volcano)
  A mummy priest (Crypt:3)
  4 blizzard demons
  2 quicksilver dragon zombies
  12 eidola
  A crystal guardian (Vaults:4)
  10 ettins
  2 pearl dragon zombies (Depths:1)
  2 deep elf high priests
  14 deep elf death magi
  A green death (Hell)
  18 jiangshi
  Josephine (Lair:6)
  8 fire dragons
  19 yaktaur captains
  Erolcha (D:9)
  9 ice dragons
  13 rakshasas
  4 quicksilver dragon skeletons
  29 vault guards
  8 great orbs of eyes
  13 hydras
  12 naga warriors
  A monstrous demonspawn (Depths:3)
  A shambling mangrove (Swamp:1)
  4 death knights
  4 ghost crabs
  6 spriggan air magi
  The ghost of melvinkitnick the Unseen, a journeyman SpEn of Kikubaaqudgha (D:12)
  The ghost of hitsuchi the Archer, a novice CeHu of Okawaru (D:10)
  25 ogre magi
  4 catoblepae
  14 anacondas
  74 two-headed ogres
  11 death yaks
  9 centaur warriors
  A queen ant (Lair:4)
  14 alligators
  A two-headed ogre (shapeshifter) (Depths:3)
  3 tengu warriors
  6 deep troll earth magi
  7 titan zombies
  24 dancing weapons
  25 hell hogs
  5 deep troll shamans
  8 spriggan berserkers
  A shock serpent (shapeshifter) (Depths:3)
  6 orc high priests (Orc:2)
  29 deep elf knights
  12 vampire magi
  2 iron golems (Depths:1)
  5 shock serpents
  22 soul eaters
  13 naga sharpshooters
  3 sun demons
  3 thrashing horrors (Abyss:2)
  3 storm dragon zombies
  26 hell knights
  Sonja (Lair:1)
  A wretched star (Abyss:2)
  3 titan skeletons
  5 salamander mystics
  5 storm dragon skeletons
  2 shadow wraiths (Vaults:4)
  3 golden dragon zombies
  2 iron trolls
  2 sea snakes
  A spark wasp zombie (Hell)
  4 death drakes
  A ghost moth zombie (Tar:7)
  3 anaconda zombies
  127 skeletal warriors
  19 deep trolls
  A gelid demonspawn (Orc:2)
  13 flayed ghosts
  5 spriggan druids
  13 shadow demons
  A torturous demonspawn (Orc:2)
  8 swamp dragons (Swamp:4)
  3 wolf spider zombies
  6 unseen horrors
  2 glowing orange brains (Depths:4)
  11 naga ritualists
  28 deep elf archers
  24 ironbrand convokers
  5 shadow dragon zombies
  5 harpies
  3 tengu zombies
  7 wizards
  41 phantasmal warriors
  An orb spider (shapeshifter) (Vaults:5)
  4 oklob plants (Lair:5)
  2 golden dragon skeletons
  7 fire giant zombies
  25 necromancers
  9 orc sorcerers
  11 mana vipers
  14 orc knights
  8 frost giant zombies
  6 anaconda skeletons
  5 shadow dragon skeletons
  A shining eye (shapeshifter) (Vaults:2)
  Pikel (D:5)
  4 iron dragon zombies
  42 ugly things
  9 salamanders
  8 cyclopes
  77 deep elf magi
  6 manticores
  A shining eye (Abyss:2)
  6 wolf spiders
  2 moths of wrath (shapeshifter)
  A worldbinder (Abyss:2)
  5 stone giant zombies
  4 fire giant skeletons
  4 iron dragon skeletons
  9 vault sentinels
  20 rust devils
  A water nymph (shapeshifter) (Depths:5)
  4 apis skeletons (Depths:1)
  2 stone giant skeletons
  9 guardian serpents
  5 dire elephant zombies
  A manticore (shapeshifter) (Vaults:5)
  Maurice (D:12)
  An apocalypse crab (Abyss:2)
  45 black mambas
  5 frost giant skeletons
  A molten gargoyle (Volcano)
  17 naga magi
  A shock serpent zombie (Tar:7)
  An ice statue (Hell)
  4 smoke demons (Abyss:2)
  3 orange demons
  An elf zombie (Hell)
  16 spiny frogs
  5 dire elephant skeletons
  A yellow draconian zombie (Crypt:1)
  3 centaur skeletons
  3 gargoyles
  2 rime drakes
  2 emperor scorpion zombies
  6 hellions
  A rime drake (shapeshifter) (Depths:3)
  72 yaktaurs
  A catoblepas zombie (Tar:5)
  3 kobold demonologists
  2 yaktaur zombies (Hell)
  30 freezing wraiths
  A shock serpent skeleton (Tar:2)
  11 ice devils
  A minotaur skeleton (Tar:5)
  7 komodo dragons
  15 hellwings
  3 harpy zombies
  2 catoblepas skeletons (Tar:7)
  10 red devils
  30 tormentors
  5 hydra zombies
  8 silent spectres
  A queen ant zombie (Crypt:2)
  2 demonic crawlers (Depths:1)
  A yaktaur skeleton (Depths:1)
  3 polar bears (Lair:5)
  3 tengu conjurers
  15 hornets
  8 trolls
  A polar bear (shapeshifter) (Vaults:2)
  3 jumping spiders (Crypt:3)
  2 hydra skeletons
  A blink frog (shapeshifter) (Depths:4)
  12 tyrant leeches
  2 fire dragon zombies
  Grinder (D:5)
  40 slime creatures
  8 large abominations (Abyss:2)
  7 blink frogs
  A harpy skeleton (Tar:3)
  A hippogriff (shapeshifter) (Depths:4)
  13 raiju
  4 ice dragon zombies
  A raiju (shapeshifter) (Depths:4)
  5 dream sheep (Lair:6)
  8 hippogriffs
  10 ettin zombies
  13 bog bodies
  An iron dragon simulacrum (Tar:4)
  A frost giant simulacrum (Tar:2)
  2 spriggan zombies
  2 alligator skeletons
  87 flying skulls
  10 redbacks
  14 water elementals
  3 wyverns
  2 black mamba zombies
  10 fire dragon skeletons
  An ice dragon skeleton (Tar:5)
  35 wraiths
  56 shadows
  7 small abominations (Abyss:2)
  An ushabti (Crypt:3)
  3 air elementals
  A tarantella (D:14)
  16 spriggans
  A dire elephant simulacrum (Tar:3)
  2 ynoxinuls
  3 basilisks
  13 fire elementals
  4 ettin skeletons
  2 neqoxecs (Abyss:2)
  43 yaks
  7 hogs
  8 fire bats
  A human (D:9)
  13 hungry ghosts
  6 vampire mosquitoes
  64 nagas
  Edmund (D:4)
  3 chaos spawn
  A merfolk zombie (Tar:3)
  Menkaure (D:7)
  A spatial vortex (Tar:2)
  8 wargs
  15 swamp worms
  46 hell hounds
  A hydra simulacrum (Hell)
  23 soldier ants (Lair:4)
  6 insubstantial wisps (Swamp:2)
  3 acid dragons
  3 spiny frog zombies
  16 water moccasins
  Duvessa (D:6)
  2 floating eyes (shapeshifter)
  7 porcupines
  64 orc warriors
  4 black bears
  A swamp drake (shapeshifter) (Vaults:5)
  11 swamp drakes
  5 ice beasts
  2 spiny frog skeletons
  3 snapping turtle zombies
  4 sky beasts
  2 spriggan simulacra (Depths:1)
  An elephant zombie (Crypt:1)
  A monstrous demonspawn skeleton (Crypt:1)
  7 starcursed masses (Abyss:2)
  2 eyes of draining (shapeshifter)
  52 ogres
  10 phantoms
  3 manticore zombies
  38 necrophages
  2 swamp dragon zombies
  2 eyes of draining
  8 boggarts
  3 wolves (Lair:5)
  17 crocodiles
  A manticore skeleton (Tar:1)
  4 swamp dragon skeletons
  A centaur (shapeshifter) (Depths:4)
  27 centaurs
  3 snapping turtle skeletons
  A crocodile (shapeshifter) (Depths:2)
  A komodo dragon zombie (Crypt:2)
  8 big kobolds (D:10)
  17 bullfrogs
  An elf skeleton (Tar:1)
  5 earth elementals
  A human simulacrum (Depths:1)
  Dowan (D:6)
  6 wyvern skeletons
  A killer bee (shapeshifter) (Depths:1)
  2 water moccasin skeletons (Crypt:1)
  A scorpion (D:11)
  A troll zombie (Crypt:3)
  4 killer bees
  A swamp dragon simulacrum (Tar:6)
  2 vampire bats (D:3)
  90 wights
  6 electric eels
  3 howler monkeys
  5 crimson imps
  5 centaur zombies
  6 lava snakes (Volcano)
  5 jellies
  4 quasits
  A soldier ant zombie (Crypt:2)
  A human zombie (Tar:6)
  2 bullfrog skeletons
  A gnoll shaman (Orc:2)
  27 orc priests
  Crazy Yiuf (D:2)
  7 hounds
  3 iguanas
  14 iron imps
  2 human skeletons
  A lightning spire (Gauntlet)
  31 orc wizards
  29 worker ants
  An ogre zombie (Crypt:3)
  A naga skeleton (Crypt:1)
  An ogre skeleton (Crypt:1)
  A hound zombie (D:7)
  2 hound skeletons
  6 mummies
  10 gnolls
  A steam dragon zombie (Crypt:2)
  20 adders
  A swamp drake skeleton (Crypt:1)
  29 shadow imps
  2 white imps
  3 ufetubi (Abyss:2)
  3 adder skeletons
  An adder zombie (D:6)
  2 worms (D:3)
  A barachi skeleton (Crypt:2)
  3 dart slugs
  A leopard gecko (D:3)
  131 orcs
  4 ball pythons
  7 bats
  2 bat skeletons (D:3)
  2 bat zombies (D:3)
  4 giant cockroaches
  3 goblins
  8 hobgoblins
  9 jackals
  2 quokkas (D:10)
  A dart slug zombie (Crypt:2)
  4 frilled lizards
  A goblin zombie (Crypt:2)
  A jackal skeleton (Crypt:2)
  12 kobolds
  An orc zombie (Dis:2)
  A quokka skeleton (D:8)
  5 rats
  2 crawling corpses (Depths:4)
  2 plants
  3 withered plants (Crypt:3)
3624 creatures vanquished.

Vanquished Creatures (collateral kills)
  the Lernaean hydra (Swamp:4)
1 creature vanquished.

Vanquished Creatures (others)
  A deep elf knight (Elf:1)
  A naga mage (Snake:4)
  A merfolk (shapeshifter) (Elf:2)
  A hydra skeleton (Hell)
  A wraith (Crypt:2)
  An ogre (Vaults:5)
  9 fungi
  13 plants
  A withered plant (Crypt:3)
29 creatures vanquished.

Grand Total: 3654 creatures vanquished

Notes
Turn   | Place    | Note
-------+----------+-------------------------------------------
     0 | D:1      | Azzok the Centaur Fighter began the quest for the Orb.
     0 | D:1      | Reached XP level 1. HP: 19/19 MP: 1/1
   171 | D:1      | Reached XP level 2. HP: 19/26 MP: 2/2
   884 | D:2      | Found a runed translucent door.
   885 | D:2      | Noticed Crazy Yiuf
  1088 | D:2      | Reached XP level 3. HP: 22/31 MP: 3/3
  1431 | D:2      | Reached XP level 4. HP: 30/38 MP: 4/4
  1994 | D:2      | Killed Crazy Yiuf
  2258 | D:3      | Found a faded altar of an unknown god.
  2490 | D:3      | Reached XP level 5. HP: 30/46 MP: 5/5
  2817 | D:3      | Found an ancient bone altar of Kikubaaqudgha.
  3562 | D:4      | Noticed an ogre
  3568 | D:4      | Killed an ogre
  3568 | D:4      | Reached XP level 6. HP: 46/53 MP: 6/6
  3630 | D:4      | Reached skill level 5 in Maces & Flails
  3926 | D:4      | Found a bloodstained altar of Trog.
  3926 | D:4      | Found a glowing silver altar of Zin.
  4242 | D:4      | Noticed Edmund
  4258 | D:4      | Killed Edmund
  4258 | D:4      | Reached skill level 3 in Armour
  4258 | D:4      | Reached XP level 7. HP: 38/60 MP: 7/7
  4439 | D:5      | Entered Level 5 of the Dungeon
  4467 | D:5      | Found an opulent altar of Gozag.
  4593 | D:5      | Noticed Grinder
  4606 | D:5      | Paralysed by Grinder for 4 turns
  4723 | D:5      | Paralysed by Grinder for 3 turns
  4732 | D:5      | Killed Grinder
  4732 | D:5      | Reached skill level 5 in Fighting
  4864 | D:5      | Reached XP level 8. HP: 55/68 MP: 8/8
  5397 | D:5      | Noticed Pikel
  5461 | D:5      | Killed Pikel
  5461 | D:5      | Reached skill level 4 in Armour
  6036 | D:6      | Found a staircase to the Ecumenical Temple.
  6071 | Temple   | Entered the Ecumenical Temple
  6595 | D:6      | Found a sacrificial altar of Ru.
  6719 | D:6      | Reached XP level 9. HP: 78/78 MP: 9/9
  6796 | D:6      | Found a deep blue altar of Sif Muna.
  6895 | D:6      | Noticed Dowan
  6895 | D:6      | Noticed Duvessa
  6917 | D:6      | Killed Duvessa
  6928 | D:6      | Killed Dowan
  7573 | D:7      | Found an iron altar of Okawaru.
  7592 | D:7      | Reached skill level 1 in Evocations
  7616 | D:7      | Became a worshipper of Warmaster Okawaru
  7810 | D:7      | Reached skill level 5 in Armour
  7832 | D:7      | Reached skill level 1 in Invocations
  7966 | D:7      | Found a glowing golden altar of the Shining One.
  8001 | D:7      | Noticed Menkaure
  8001 | D:7      | You fall into a shaft and drop 2 floors!
  8204 | D:8      | Found Gatoat's Assorted Antiques.
  8627 | D:7      | Killed Menkaure
  8627 | D:7      | Reached * piety under Okawaru
  9008 | D:7      | Got a translucent bone ring
  9012 | D:7      | Identified the ring "Jogineb" {rF+ rC++} (You found it on
                  | level 7 of the Dungeon)
  9279 | D:8      | Noticed a catoblepas
  9455 | D:8      | Noticed a two-headed ogre
  9476 | D:7      | Reached XP level 10. HP: 66/84 MP: 10/12
  9925 | D:8      | Killed a two-headed ogre
  9925 | D:8      | Reached ** piety under Okawaru
 10573 | D:9      | Noticed Erolcha
 10593 | D:9      | Killed Erolcha
 10593 | D:9      | Reached skill level 5 in Invocations
 10901 | D:9      | Reached *** piety under Okawaru
 10901 | D:9      | Reached skill level 5 in Evocations
 11320 | D:8      | Bought a transparent morningstar for 234 gold pieces
 11320 | D:8      | Identified the +7 morningstar of Slime {crush, rF+ Stlth+}
                  | (You bought it in a shop on level 8 of the Dungeon)
 11526 | D:9      | Found a hide-covered altar of Uskayaw.
 11547 | D:9      | Noticed a cyclops
 11562 | D:9      | Killed a cyclops
 11562 | D:9      | Reached skill level 10 in Maces & Flails
 12162 | D:9      | Reached **** piety under Okawaru
 12162 | D:9      | Reached XP level 11. HP: 79/90 MP: 16/16
 12295 | D:10     | Entered Level 10 of the Dungeon
 12424 | D:10     | Got a pair of spiked gloves
 12968 | D:10     | Found a deep blue altar of Sif Muna.
 13050 | D:10     | Found a runed translucent gate.
 13051 | D:10     | Found a runed translucent gate.
 13051 | D:10     | Noticed hitsuchi's ghost (novice CeHu)
 13052 | D:10     | Found a runed translucent gate.
 13053 | D:10     | Identified the +5 short sword of Kutaxt {elec, Fragile
                  | rPois Str+3 SInv}
 13420 | D:11     | Identified the cursed +0 pair of gloves "Lifuakoh" {Int+2
                  | Stlth+} (You found it on level 10 of the Dungeon)
 13510 | D:11     | Noticed a two-headed ogre
 13768 | D:10     | Killed an unseen horror
 13841 | D:11     | HP: 1/92 [two-headed ogre/+0 giant spiked club (21)]
 14212 | D:11     | Killed a two-headed ogre
 14232 | D:11     | Identified a scroll of acquirement
 14235 | D:11     | Got a pair of ichor-stained gloves
 14315 | D:11     | Noticed a red ugly thing
 14328 | D:11     | Killed a red ugly thing
 14341 | D:11     | Noticed a green ugly thing
 14344 | D:11     | Found a staircase to the Orcish Mines.
 14351 | D:11     | Killed a green ugly thing
 14351 | D:11     | Reached ***** piety under Okawaru
 14431 | D:11     | Found a flickering gateway to a bazaar.
 14441 | Bazaar   | Entered a bazaar
 14667 | Bazaar   | Found Zuus's General Store.
 14667 | Bazaar   | Found Jingy's Distillery.
 14688 | Bazaar   | Found Izituo's Gadget Emporium.
 14703 | Bazaar   | Found Sep Zeaz's Food Emporium.
 14762 | Bazaar   | Bought a potion of degeneration for 13 gold pieces
 14762 | Bazaar   | Bought a potion of haste for 130 gold pieces
 14762 | Bazaar   | Bought a potion of lignification for 39 gold pieces
 14762 | Bazaar   | Bought a potion of mutation for 104 gold pieces
 14762 | Bazaar   | Bought a potion of agility for 52 gold pieces
 15357 | D:11     | Found a staircase to the Lair.
 16306 | D:12     | Noticed Maurice
 16313 | D:12     | Reached XP level 12. HP: 87/100 MP: 16/19
 16330 | D:12     | Killed Maurice
 16603 | D:12     | Found a transporter.
 16604 | D:12     | Noticed melvinkitnick's ghost (journeyman SpEn)
 16605 | D:12     | Noticed a two-headed ogre
 16607 | D:12     | Noticed a two-headed ogre
 16608 | D:12     | Noticed a two-headed ogre
 16633 | D:12     | Found a transporter.
 16945 | D:8      | Killed a catoblepas
 17341 | D:8      | Reached skill level 10 in Invocations
 17512 | Lair:1   | Entered Level 1 of the Lair of Beasts
 17985 | Lair:1   | Identified the +2 pair of gloves of Grace {Dex+6} (You
                  | acquired it on level 11 of the Dungeon)
 18166 | Lair:1   | Reached ****** piety under Okawaru
 18174 | Lair:1   | Noticed Sonja
 18175 | Lair:1   | Killed Sonja
 19700 | Lair:3   | Found a staircase to the Swamp.
 19818 | Lair:3   | Received a gift from Okawaru
 19841 | Lair:3   | Reached skill level 1 in Spellcasting
 20686 | Lair:4   | Found a staircase to the Snake Pit.
 21174 | Lair:4   | Noticed an entropy weaver
 21210 | Lair:4   | Killed an entropy weaver
 21210 | Lair:4   | Reached XP level 13. HP: 98/105 MP: 20/20
 21253 | Lair:4   | Received a gift from Okawaru
 21293 | Lair:4   | Got a smoking hat {god gift}
 21409 | Lair:4   | Noticed an entropy weaver
 21438 | Lair:4   | Killed an entropy weaver
 21438 | Lair:4   | Reached skill level 6 in Armour
 22181 | Lair:4   | Identified the +1 hat of Liberty {rF+++ Str-2 Int+4 Slay+3}
                  | (Okawaru gifted it to you on level 4 of the Lair of Beasts)
 22359 | Lair:5   | Noticed Nessos
 22378 | Lair:5   | Killed Nessos
 22762 | Lair:5   | Found a staircase to the Slime Pits.
 22764 | Lair:5   | Found a viscous altar of Jiyva.
 22918 | Lair:5   | Noticed Kirke
 22968 | Lair:5   | Killed Kirke
 22968 | Lair:5   | Reached skill level 7 in Armour
 23256 | Lair:5   | Reached skill level 5 in Spellcasting
 23692 | Lair:6   | Entered Level 6 of the Lair of Beasts
 23859 | Lair:6   | Reached XP level 14. HP: 84/113 MP: 21/21
 24041 | Lair:6   | Received a gift from Okawaru
 24429 | Lair:6   | Noticed Josephine
 24446 | Lair:6   | Killed Josephine
 24446 | Lair:6   | Reached skill level 8 in Armour
 25000 | Lair:6   | Got a faintly humming scale mail
 25530 | Orc:1    | Entered Level 1 of the Orcish Mines
 25530 | Orc:1    | Found Wimicuth's Jewellery Shoppe.
 25552 | Orc:1    | Found Fuageag's Weapon Shoppe.
 25625 | Orc:1    | Reached skill level 9 in Armour
 25631 | Orc:1    | Found a dark tunnel.
 25634 | Orc:1    | Reached skill level 15 in Maces & Flails
 25659 | Volcano  | Entered a volcano
 25960 | Volcano  | Found a burning altar of Makhleb.
 25970 | Volcano  | Received a gift from Okawaru
 26657 | Orc:2    | Entered Level 2 of the Orcish Mines
 27868 | Orc:2    | Noticed an orc warlord
 27879 | Orc:2    | Killed an orc warlord
 27879 | Orc:2    | Reached skill level 10 in Armour
 28027 | Orc:2    | Reached XP level 15. HP: 118/118 MP: 22/22
 28307 | Orc:2    | Found a staircase to the Elven Halls.
 28635 | Orc:2    | Found Ylisoarr's Food Boutique.
 28691 | Orc:2    | Found Piwydoam's General Store.
 28863 | Orc:2    | Bought a scroll of identify for 30 gold pieces
 29238 | Orc:2    | Paralysed by an orc sorcerer for 7 turns
 29304 | Orc:2    | Found Cuykehuj's Book Emporium.
 29304 | Orc:2    | Found Onleizi's Antique Armour Shoppe.
 29304 | Orc:2    | Found a one-way gate leading to the halls of Pandemonium.
 29309 | Orc:2    | Bought a translucent plate armour for 840 gold pieces
 29309 | Orc:2    | Bought a jewelled cloak for 285 gold pieces
 29504 | D:13     | Noticed Frances
 29530 | D:13     | Killed Frances
 29530 | D:13     | Received a gift from Okawaru
 29538 | D:13     | Got a smoking centaur barding {god gift}
 29638 | D:13     | Identified the Reference Book on Conjuration
 29649 | D:13     | Reached skill level 11 in Armour
 30097 | D:13     | Identified the +4 centaur barding "Wiffos" {rCorr Dex+3}
                  | (Okawaru gifted it to you on level 13 of the Dungeon)
 30500 | D:13     | Found a gate to the Vaults.
 30584 | D:13     | Reached skill level 12 in Armour
 30763 | D:13     | Noticed Snorg
 30832 | D:13     | Killed Snorg
 31128 | D:14     | Received a gift from Okawaru
 31581 | D:14     | Got a warped chain mail
 32019 | D:15     | Entered Level 15 of the Dungeon
 32060 | D:15     | Reached XP level 16. HP: 126/126 MP: 15/23
 32100 | D:15     | Found a staircase to the Depths.
 32114 | D:15     | Received a gift from Okawaru
 32141 | D:15     | Reached skill level 13 in Armour
 32232 | D:15     | Found a gate leading to a gauntlet.
 32239 | Gauntlet | Entered a Gauntlet
 32239 | Gauntlet | Found a transporter.
 32351 | Gauntlet | Found a runed translucent door.
 32352 | Gauntlet | Found a transporter.
 32353 | Gauntlet | Found a transporter.
 32354 | Gauntlet | Found a transporter.
 32355 | Gauntlet | Found a runed translucent door.
 32357 | Gauntlet | Found a transporter.
 32362 | Gauntlet | Found a transporter.
 32366 | Gauntlet | Found a transporter.
 32369 | Gauntlet | Found a transporter.
 32385 | Gauntlet | Found a large runed translucent door.
 32386 | Gauntlet | Found a large runed translucent door.
 32387 | Gauntlet | Found a large runed translucent door.
 32388 | Gauntlet | Found a runed translucent gate.
 32389 | Gauntlet | Found a transporter.
 32389 | Gauntlet | Found a runed translucent gate.
 32390 | Gauntlet | Found a runed translucent gate.
 32391 | Gauntlet | Found a large runed translucent door.
 32392 | Gauntlet | Found a large runed translucent door.
 32393 | Gauntlet | Found a large runed translucent door.
 32396 | Gauntlet | Found a large runed translucent door.
 32396 | Gauntlet | Found a large runed translucent door.
 32402 | Gauntlet | Found a large runed translucent door.
 32402 | Gauntlet | Found a large runed translucent door.
 32402 | Gauntlet | Found a runed translucent door.
 32402 | Gauntlet | Found a runed translucent door.
 32403 | Gauntlet | Found a large runed translucent door.
 32404 | Gauntlet | Found a large runed translucent door.
 32406 | Gauntlet | Found a transporter.
 32410 | Gauntlet | Found a transporter.
 32414 | Gauntlet | Found a large runed translucent door.
 32414 | Gauntlet | Found a large runed translucent door.
 32418 | Gauntlet | Found a transporter.
 32548 | Gauntlet | Found a large runed translucent door.
 32551 | Gauntlet | Got an ancient cloak
 32570 | Gauntlet | Found a large runed translucent door.
 32593 | Gauntlet | Identified the +8 great mace "Wuproqea" {crush, rN+}
 32594 | Gauntlet | Found the +7 mace of Variability {chain chaos}
 32631 | Gauntlet | Got a warped hat
 33430 | Swamp:1  | Entered Level 1 of the Swamp
 33844 | Swamp:1  | Received a gift from Okawaru
 34040 | Swamp:1  | Reached skill level 14 in Armour
 34840 | Swamp:2  | Noticed a thorn hunter
 34851 | Swamp:2  | Killed a thorn hunter
 35620 | Swamp:2  | Got a heavily runed chain mail
 36070 | Swamp:3  | Noticed Mara
 36071 | Swamp:3  | Noticed Azzok's illusion
 36339 | Swamp:3  | Noticed Azzok's illusion
 36352 | Swamp:3  | Killed Mara
 36352 | Swamp:3  | Received a gift from Okawaru
 36352 | Swamp:3  | Reached XP level 17. HP: 93/139 MP: 5/24
 36453 | Swamp:3  | Found a radiant altar of Vehumet.
 36455 | Swamp:3  | Noticed Bai Suzhen
 36603 | Swamp:3  | Killed Bai Suzhen
 36603 | Swamp:3  | Reached skill level 10 in Fighting
 37014 | Swamp:4  | Entered Level 4 of the Swamp
 37653 | Swamp:4  | Reached skill level 15 in Armour
 37813 | Swamp:4  | Noticed the 27-headed Lernaean hydra
 37814 | Swamp:4  | Killed the 27-headed Lernaean hydra
 37925 | Swamp:4  | Got a decaying rune of Zot
 38316 | Snake:1  | Entered Level 1 of the Snake Pit
 38322 | Snake:1  | Received a gift from Okawaru
 38508 | Snake:1  | Noticed Roxanne
 39146 | Snake:1  | Found a runed translucent gate.
 39146 | Snake:1  | Found a runed translucent gate.
 39146 | Snake:1  | Found a runed translucent gate.
 39149 | Snake:1  | Found an opulent altar of Gozag.
 39151 | Snake:1  | Found Nutz's Assorted Antiques.
 39151 | Snake:1  | Noticed KristoblXynda's ghost (adept DrGl)
 39392 | Snake:1  | Found Cedusoerph's Antique Weapon Shop.
 39392 | Snake:1  | Found Huosch's Assorted Antiques.
 39393 | Snake:1  | Found Suiho's Weapon Shop.
 39397 | Snake:1  | Found Xoucveot's General Store.
 39424 | Snake:1  | Identified the +2 chain mail "Igidapt" {Dex+5} (You found
                  | it on level 2 of the Swamp)
 39481 | Snake:1  | Killed Roxanne
 39481 | Snake:1  | Received a gift from Okawaru
 41004 | Snake:2  | Noticed Aizul
 41019 | Snake:2  | Killed Aizul
 41019 | Snake:2  | Reached XP level 18. HP: 82/156 MP: 18/25
 41943 | Snake:3  | Noticed Agnes
 41963 | Snake:2  | Killed Agnes
 42299 | Snake:3  | Found a runed translucent door.
 42299 | Snake:3  | Found a shimmering altar of Xom.
 42299 | Snake:3  | Noticed hairmachine's ghost (adept MfIE)
 42323 | Snake:3  | Reached skill level 16 in Armour
 42350 | Snake:3  | Noticed Nikola
 42368 | Snake:3  | Killed Nikola
 42368 | Snake:3  | Received a gift from Okawaru
 43440 | Snake:3  | Killed hairmachine's ghost
 43444 | Snake:3  | Identified the Incunabulum of Ointment
 43478 | Snake:4  | Entered Level 4 of the Snake Pit
 43760 | Snake:4  | Found a runed translucent gate.
 43760 | Snake:4  | Found a runed translucent gate.
 43760 | Snake:4  | Found a runed translucent gate.
 44805 | Snake:4  | Reached skill level 17 in Armour
 45451 | Snake:4  | Noticed Saint Roka
 45472 | Snake:4  | Killed Saint Roka
 45472 | Snake:4  | Received a gift from Okawaru
 45855 | Snake:4  | Reached XP level 19. HP: 154/163 MP: 26/26
 46334 | Snake:4  | Got a serpentine rune of Zot
 46476 | Snake:4  | Identified Osuk's Guide on Spatial Poisoning
 46822 | D:15     | Identified the +1 cloak "Ygronkug" {rElec MR+ Int+4 Dex+3}
                  | (You found it in a Gauntlet)
 46823 | D:15     | Identified the +0 cloak "Tonn" {rF+ Regen+ Str-5 SInv} (You
                  | bought it in a shop on level 2 of the Orcish Mines)
 46979 | D:12     | Reached skill level 18 in Armour
 47009 | D:12     | Killed melvinkitnick's ghost
 47189 | D:10     | Killed hitsuchi's ghost
 47189 | D:10     | Received a gift from Okawaru
 47789 | Elf:1    | Entered Level 1 of the Elven Halls
 47995 | Elf:1    | You fall into a shaft and drop 1 floor!
 48761 | Elf:1    | Identified the Incunabulum of the Eleven Wishes
 49721 | Elf:2    | Found a radiant altar of Vehumet.
 49773 | Elf:2    | Noticed a Tzitzimitl
 49960 | Elf:2    | Found Hyocsir's Gadget Shop.
 50050 | Elf:2    | Found a runed translucent gate.
 50050 | Elf:2    | Found a runed translucent gate.
 50050 | Elf:2    | Found a runed translucent gate.
 50138 | Elf:2    | Found Qeitiliy's Jewellery Shop.
 50280 | Elf:2    | Reached skill level 19 in Armour
 50420 | Elf:2    | Received a gift from Okawaru
 51018 | Elf:3    | Entered Level 3 of the Elven Halls
 52114 | Elf:3    | Reached XP level 20. HP: 159/171 MP: 27/27
 52232 | Elf:3    | Reached skill level 20 in Armour
 52678 | Elf:3    | Received a gift from Okawaru
 52722 | Elf:3    | Reached skill level 1 in Long Blades
 53584 | Elf:3    | Identified the ring "Ebepeok" {rPois MR+++ Int-5 Dex+3
                  | Stlth+}
 53614 | Elf:3    | Received a gift from Okawaru
 53618 | Elf:3    | Got a jewelled shield {god gift}
 53772 | Elf:3    | Identified the Guide on Nocuous Conjuration
 53796 | Elf:3    | Identified the +0 shield "Qiuguxo" {+Fly rElec Str+7 Int-5}
                  | (Okawaru gifted it to you on level 3 of the Elven Halls)
 53833 | Elf:3    | Identified the Grimoire of the New World
 53838 | Elf:3    | Identified Uhethyh's Incunabulum of Dislocation and the
                  | Oath
 54155 | Vaults:1 | Entered Level 1 of the Vaults
 54261 | Vaults:1 | Reached skill level 5 in Long Blades
 54352 | Vaults:1 | Found a flickering gateway to a bazaar.
 54376 | Bazaar   | Entered a bazaar
 54419 | Bazaar   | Found Qyigry's Book Shop.
 54445 | Bazaar   | Found Anyango's Jewellery Shop.
 54888 | Vaults:1 | Reached skill level 5 in Shields
 55190 | Vaults:1 | Reached skill level 21 in Armour
 55624 | Vaults:1 | Reached XP level 21. HP: 59/178 MP: 21/28
 56315 | Vaults:1 | Received a gift from Okawaru
 58185 | Vaults:2 | Reached skill level 10 in Shields
 58399 | Vaults:2 | Found a staircase to the Crypt.
 58412 | Vaults:2 | You fall into a shaft and drop 2 floors!
 58739 | Vaults:4 | Reached skill level 10 in Long Blades
 59193 | Vaults:2 | Received a gift from Okawaru
 59224 | Vaults:2 | Got a brightly glowing jade ring
 59225 | Vaults:2 | Identified the ring of Mirth {Wiz rElec rC++ Dex-4 Stlth+}
                  | (You acquired it on level 2 of the Vaults)
 59479 | Elf:2    | Bought the amulet of the Four Winds {rN+ MR+++ Clar} for
                  | 834 gold pieces
 59479 | Elf:2    | Found the amulet of the Four Winds {rN+ MR+++ Clar}
 59479 | Elf:2    | Bought a cursed amulet of inaccuracy for 38 gold pieces
 59480 | Elf:2    | Bought a cursed -4 ring of slaying for 38 gold pieces
 59667 | D:8      | Bought the +10 zealot's sword {holy, *Rage rN+ EV+3} for
                  | 2740 gold pieces
 59667 | D:8      | Found the +10 zealot's sword {holy, *Rage rN+ EV+3}
 59810 | D:15     | Identified the cursed +1 plate armour "Zaew" {rN+++ MR-
                  | MP+9 Stlth+} (You bought it in a shop on level 2 of the
                  | Orcish Mines)
 59818 | D:15     | Identified the +7 chain mail of Space {rElec} (You found it
                  | on level 14 of the Dungeon)
 59819 | D:15     | Identified the cursed -2 hat of Etsurph {rPois Str+4} (You
                  | found it in a Gauntlet)
 61034 | Vaults:2 | Found Ifuveic's Magic Scroll Shoppe.
 61044 | Vaults:2 | Bought a scroll of magic mapping for 52 gold pieces
 61044 | Vaults:2 | Bought a scroll of blinking for 112 gold pieces
 61044 | Vaults:2 | Bought a scroll of blinking for 112 gold pieces
 61044 | Vaults:2 | Bought a scroll of identify for 30 gold pieces
 61044 | Vaults:2 | Bought a scroll of identify for 30 gold pieces
 61044 | Vaults:2 | Bought a scroll of identify for 30 gold pieces
 61044 | Vaults:2 | Bought a scroll of magic mapping for 52 gold pieces
 61044 | Vaults:2 | Bought a scroll of magic mapping for 52 gold pieces
 61044 | Vaults:2 | Bought a scroll of identify for 30 gold pieces
 61044 | Vaults:2 | Bought a scroll of identify for 30 gold pieces
 61044 | Vaults:2 | Bought a scroll of enchant armour for 112 gold pieces
 61044 | Vaults:2 | Bought a scroll of enchant weapon for 112 gold pieces
 61349 | Vaults:2 | Received a gift from Okawaru
 61603 | Vaults:3 | Reached XP level 22. HP: 185/185 MP: 29/29
 61627 | Vaults:3 | Got an ancient silver amulet
 61628 | Vaults:3 | Identified the amulet of Xogas {Harm *Drain rC++ Slay+2}
                  | (You acquired it on level 3 of the Vaults)
 62463 | Vaults:3 | Received a gift from Okawaru
 63682 | Vaults:3 | Identified Zeth's Volume of Air and Orientation
 64629 | Vaults:4 | Received a gift from Okawaru
 64993 | Vaults:5 | Entered Level 5 of the Vaults
 65901 | Crypt:1  | Entered Level 1 of the Crypt
 66463 | Depths:1 | Entered Level 1 of the Depths
 66731 | Depths:1 | Reached skill level 15 in Long Blades
 66819 | Depths:1 | Reached XP level 23. HP: 147/192 MP: 30/30
 67156 | D:15     | Received a gift from Okawaru
 67663 | Depths:1 | Found a basalt altar of Yredelemnul.
 67784 | Depths:1 | Found Datid's Book Emporium.
 68146 | Depths:1 | Found a gateway to Hell.
 68232 | Depths:1 | You fall into a shaft and drop 1 floor!
 68232 | Depths:2 | Found Qajimm's Gadget Emporium.
 68232 | Depths:2 | Found Daiv's Jewellery Shop.
 68232 | Depths:2 | Found Josk's Jewellery Shop.
 68793 | Depths:1 | Received a gift from Okawaru
 68802 | Depths:1 | Identified the +0 centaur barding of Azzok's Integrity {rC-
                  | MR+ Regen+} (Okawaru gifted it to you on level 1 of the
                  | Depths)
 68932 | Depths:2 | Learned a level 8 spell: Necromutation
 69027 | Depths:2 | Reached skill level 1 in Necromancy
 69027 | Depths:2 | Reached skill level 1 in Transmutations
 69748 | Depths:2 | Found a bloodstained altar of Trog.
 70470 | Depths:3 | Noticed Asterion
 70478 | Depths:3 | Killed Asterion
 70970 | Depths:3 | Found Wohemir's Gadget Shop.
 71075 | Depths:3 | Received a gift from Okawaru
 71838 | Depths:4 | Found Decsit's Assorted Antiques.
 71852 | Depths:4 | Noticed Jory
 71864 | Depths:3 | Killed Jory
 72441 | Depths:4 | Reached XP level 24. HP: 147/200 MP: 33/33
 72669 | Depths:4 | Received a gift from Okawaru
 72859 | Depths:4 | Noticed a juggernaut
 72877 | Depths:4 | Killed a juggernaut
 72877 | Depths:4 | Reached skill level 5 in Necromancy
 72877 | Depths:4 | Reached skill level 5 in Transmutations
 72988 | Depths:4 | Found a one-way gate to the infinite horrors of the Abyss.
 73030 | Depths:4 | Identified the +7 faerie dragon scales {rF+ rCorr MP+9
                  | Dex+2 Clar}
 73030 | Depths:4 | Noticed the Enchantress
 73063 | Depths:4 | Killed the Enchantress
 73094 | Depths:4 | Received a gift from Okawaru
 73265 | Depths:4 | Identified the cursed +0 cloak of Mental Paralysis {Dex+7}
                  | (You found it on level 4 of the Depths)
 73834 | Depths:4 | Found a gateway to a ziggurat.
 74210 | Depths:5 | Entered Level 5 of the Depths
 75789 | Depths:5 | Found a gate to the Realm of Zot.
 76701 | Depths:5 | Received a gift from Okawaru
 78121 | Vaults:5 | Found the +8 trident of the Octopus King {venom, rElec
                  | rPois MR+}
 78121 | Vaults:5 | Identified Luiwniy's Almanac of Dislocation
 78129 | Vaults:5 | Identified Peiphesa's Almanac of Aid and Clay
 78138 | Vaults:5 | Got a clouded marble ring
 78139 | Vaults:5 | Identified the ring of Xom's Fair Game {+Fly rF+ rC+ Str+4
                  | Int+2 Stlth+} (You found it on level 5 of the Vaults)
 78202 | Vaults:5 | HP: 2/196 [titan (48)]
 78670 | Vaults:5 | Reached XP level 25. HP: 184/206 MP: 35/35
 79890 | Vaults:5 | Received a gift from Okawaru
 80291 | Vaults:5 | Got a silver rune of Zot
 80950 | Vaults:5 | Got an ancient jade ring
 80951 | Vaults:5 | Identified the ring "Apuwkun" {rN++ rCorr Dex-5} (You found
                  | it on level 5 of the Vaults)
 81239 | Temple   | Fell from the grace of Okawaru
 81239 | Temple   | Became a worshipper of Makhleb the Destroyer
 81913 | Crypt:1  | Reached * piety under Makhleb
 82219 | Crypt:1  | Reached skill level 22 in Armour
 82558 | Crypt:2  | Got a pitted granite ring
 82559 | Crypt:2  | Identified the ring of Satyriasis {*Drain rElec rF+++ rC-
                  | Int+2} (You acquired it on level 2 of the Crypt)
 82723 | Crypt:2  | Reached ** piety under Makhleb
 82823 | Crypt:2  | Reached skill level 10 in Spellcasting
 83263 | Crypt:2  | Noticed Margery
 83286 | Crypt:2  | Killed Margery
 83294 | Crypt:2  | Cast into level 2 of the Abyss (hell knight)
 83547 | Abyss:2  | Reached *** piety under Makhleb
 83905 | Abyss:2  | Gained mutation: You are frail. (-10% HP) [a neqoxec]
 83911 | Abyss:2  | Gained mutation: Your body sometimes deteriorates upon
                  | taking damage. [a neqoxec]
 83952 | Abyss:2  | Reached XP level 26. HP: 192/192 MP: 37/37
 84258 | Abyss:2  | Noticed an ancient lich
 84264 | Abyss:2  | Killed an ancient lich
 84296 | Crypt:2  | Escaped the Abyss
 84312 | Crypt:2  | Reached skill level 10 in Necromancy
 84312 | Crypt:2  | Reached skill level 10 in Transmutations
 84439 | Crypt:2  | Reached **** piety under Makhleb
 84780 | Crypt:2  | Found an ancient bone altar of Kikubaaqudgha.
 84861 | Crypt:3  | Entered Level 3 of the Crypt
 85373 | Crypt:3  | Reached ***** piety under Makhleb
 85757 | Crypt:3  | Found a staircase to the Tomb.
 85826 | Crypt:3  | Found an ancient bone altar of Kikubaaqudgha.
 85941 | Crypt:3  | Noticed an ancient lich
 85948 | Crypt:3  | Killed an ancient lich
 86752 | Crypt:3  | Got a twitching granite ring
 86753 | Crypt:3  | Identified the ring of Lies {rN+ Slay+3 Stlth+} (You found
                  | it on level 3 of the Crypt)
 86758 | Crypt:3  | Got a transparent jade ring
 86758 | Crypt:3  | Got a sparkling marble ring
 86759 | Crypt:3  | Identified the ring of the Fifty Demons {rPois rN+ Str+4}
                  | (You found it on level 3 of the Crypt)
 86761 | Crypt:3  | Identified the ring "Soopp" {rPois rN+} (You found it on
                  | level 3 of the Crypt)
 87151 | Hell     | Entered the Vestibule of Hell
 87151 | Hell     | Noticed Geryon
 87332 | Depths:1 | Reached ****** piety under Makhleb
 89206 | Hell     | Killed Geryon
 89362 | Hell     | Noticed Murray
 89376 | Hell     | Killed Murray
 89388 | Hell     | Found a gateway to the freezing wastes of Cocytus.
 89423 | Hell     | Found a gateway to the Iron City of Dis.
 89534 | Hell     | Found a gateway to the decaying netherworld of Tartarus.
 90229 | Hell     | Found a gateway to the ashen valley of Gehenna.
 90351 | Tar:1    | Entered Level 1 of Tartarus
 90493 | Tar:1    | Reached XP level 27. HP: 198/198 MP: 38/38
 90998 | Tar:1    | Was forgiven by Okawaru
 92937 | Tar:2    | You fall into a shaft and drop 2 floors!
 94514 | Tar:2    | Learned a level 3 spell: Regeneration
 95947 | Tar:4    | Reached skill level 23 in Armour
100334 | Tar:7    | Entered Level 7 of Tartarus
100353 | Tar:7    | Reached skill level 15 in Necromancy
100353 | Tar:7    | Reached skill level 15 in Transmutations
100447 | Tar:7    | Noticed an ancient lich
100462 | Tar:7    | Killed an ancient lich
100553 | Tar:7    | HP: 6/182 [ghoul (15)]
101041 | Tar:7    | Identified the +1 battleaxe of Precise Incision {chop,
                  | *Drain rF++ SInv}
101041 | Tar:7    | Identified the ring of the King {*Drain rElec rN+ MR+ EV+1}
101061 | Tar:7    | Identified the Collected Works on Curses and Protection
101204 | Tar:7    | Noticed an ancient lich
101223 | Tar:7    | Killed an ancient lich
101399 | Tar:7    | Noticed Ereshkigal
101441 | Tar:7    | Killed Ereshkigal
101465 | Tar:7    | Got a bone rune of Zot
101580 | Tar:7    | Reached skill level 15 in Spellcasting
101725 | Dis:1    | Entered Level 1 of the Iron City of Dis
101824 | Dis:1    | Gained mutation: You are dopey. (Int -2) [a cacodemon]
103701 | Dis:3    | Mangled by a reaper

Levels and vault maps discovered:
D:1:      lightli_arrival_noodles, layout_basic, serial_forest,
          infiniplex_forest_clump_double, infiniplex_forest_lined_2,
          infiniplex_forest_clump_medium, infiniplex_forest_clump_large,
          infiniplex_forest_straight_1, infiniplex_forest_lined_room_3
D:2:      layout_loops_corners, first_ration, minmay_fractal_squares_5,
          uniq_crazy_yiuf_cottage
D:3:      layout_loops_corners, kennysheep_vampire_church,
          chequers_ecumenical_altar_simple_redux
D:4:      layout_basic, gammafunk_temple_overflow_elements, serial_corexii_hall,
          corexii_hall_statues_l, corexii_hall_statues_i, uniq_edmund
D:5:      layout_basic, grunt_gozag_breadcrumbs, cheibrodos_gnoll_hut,
          uniq_grinder, uniq_pikel
D:6:      layout_rooms, nicolae_ru_sacrificial_ziggurat, kennysheep_mini,
          minmay_temple_entry_statues_pillars, lemuel_flamethrower_1,
          uniq_duvessa
D:7:      layout_loops_corners, lemuel_round_altar, tso_metal_star,
          uniq_menkaure
D:8:      minmay_chambers_of_sevens, layout_basic, serial_shops, shop_fountains
D:9:      layout_cave_pools, eat_drink_and_be_merry_uskayaw, st_stairs_1,
          grunt_livestock, lemuel_flame_loot_1, uniq_erolcha
D:10:     layout_irregular_city, serial_column_ruins,
          column_ruins_square_medium, column_ruins_open_medium,
          column_ruins_corridor_straight, column_ruins_open_small,
          column_ruins_open_medium, column_ruins_open_small,
          column_ruins_corridor_water, column_ruins_open_small,
          gammafunk_ghost_nasty_kobolds, lemuel_blue_sif_altar
D:11:     layout_cave_pools, dpeg_oklobed_lair, serial_shops, bzr_entry_islet
D:12:     layout_roguey, gammafunk_ghost_smash, uniq_maurice
D:13:     layout_basic, skrybe_vaults_entry_preservation, uniq_snorg,
          uniq_frances
D:14:     layout_roguey, corexii_hall_statues_i
D:15:     hangedman_depths_entry_civil_slaughter, layout_basic,
          gauntlet_entry_generic, minmay_misc_feat_secret_circle
Temple:   dshaligram_water_room_temple
Lair:1:   layout_cave_pods, uniq_sonja
Lair:2:   layout_roguey, lemuel_fruit_fields
Lair:3:   minmay_lair_venomous_thicket, layout_regular_city, swamp_mist_pool,
          serial_forest, infiniplex_forest_lined_corner,
          infiniplex_forest_lined_room_, infiniplex_forest_lined_2,
          infiniplex_forest_straight_3, infiniplex_forest_end_1
Lair:4:   layout_cave_pods, minmay_snake_entry_spellcaster, st_stairs_10,
          columned_hall_lemuel, minivault_29
Lair:5:   layout_regular_city, slime_altar_1, forest_entry_grove,
          serial_bayou_shore_b, grunt_megastairs_4, minmay_lair_oklob_chamber,
          uniq_nessos, uniq_kirke
Lair:6:   evilmike_catoblepas_cave, layout_gridlike, infiniplex_staircase_pool,
          uniq_josephine
Swamp:1:  layout_basic_swamp, serial_swamp_ruin, hangedman_swamp_ruin_wall,
          evilmike_swamp_ruin_house_3, evilmike_swamp_ruin_rubble_2, swamp_pool4
Swamp:2:  layout_falls_marsh, nicolae_swamp_trees_clearing
Swamp:3:  layout_basic_swamp, basic_altar, swamp_pool1, uniq_bai_suzhen,
          uniq_mara
Swamp:4:  grunt_swamp_rune_castle, layout_basic_swamp,
          infiniplex_staircase_pool_2
Snake:1:  nicolae_snake_nest, layout_cave_shapes, ebering_ghost_gozag,
          serial_bayou_crossing, minmay_shoptagon, lemuel_fruit_tree,
          serial_bayou_shore_b, uniq_roxanne
Snake:2:  layout_misc_corridors, uniq_aizul
Snake:3:  layout_layer_cave, ebering_ghost_xom, st_stairs_12,
          serial_bayou_shore_a, uniq_nikola, uniq_agnes
Snake:4:  johnstein_snake_rune_scales, layout_misc_corridors, drop_trap,
          nicolae_snake_horde_hoard, uniq_saint_roka
Orc:1:    layout_caves, nicolae_volcano_entry_batcave, serial_shops, shop, shop
Orc:2:    pf_orc_diabolical, layout_caves, nooodl_orcs_dogs
Elf:1:    layout_geoelf_octagon, minmay_elf_annihilation, grunt_ministairs_10
Elf:2:    layout_onion_city, basic_altar, serial_shops, nicolae_shop_waterfront,
          st_stairs_1, drop_trap, minmay_shop_star
Elf:3:    minmay_elf_hall, layout_geoelf_castle
Vaults:1: nicolae_vaults_little_squares_3, vaults_room_stairs_pillars,
          vaults_room_semicircle, nicolae_vaults_angled_halls, st_cells,
          grunt_vaults_focal, vaults_mumra_minichess_inversion,
          grunt_vaults_hallway_long, nicolae_vaults_big_ls,
          dpeg_vaults_monster_box, grunt_vaults_twisty,
          ontoclasm_vaults_decontamination, layout_vaults_omnicross,
          serial_shops, bzr_entry_gold
Vaults:2: v_misc_12, hangedman_vaults_variations, hangedman_vaults_restitches,
          v_alt_pattern_3, vaults_standard_mumra_lines, v_misc_17,
          ontoclasm_vaults_pinch, hangedman_vaults_capsules,
          nicolae_vaults_rhombus_6, v_misc_30, grunt_vaults_hallway_short,
          layout_vaults_omnibox, serial_shops, shop
Vaults:3: v_pattern_1, v_misc_12, ontoclasm_vaults_ring_square, v_alt_pattern_2,
          v_misc_19, nicolae_vaults_three_branches,
          nicolae_vaults_ninety_degrees, hangedman_vaults_restitches,
          vaults_room_hangedman_quadrants, layout_vaults_omnigrid
Vaults:4: vaults_dpeg_spiral, nicolae_vaults_network_s, hangedman_vaults_locks,
          hangedman_vaults_stagger, nicolae_vaults_yaktaur_gun_rack,
          vaults_room_grunt_arrival_ludios, vaults_mumra_chevron,
          nicolae_vaults_sealed_display, nicolae_vaults_specimen_jars,
          nicolae_vaults_lopsided_apartments, vaults_mumra_lcd, v_misc_17,
          nicolae_vaults_shelves_hall, vaults_room_ringed_pool,
          hangedman_vaults_impose, vaults_room_stairs_pillars,
          layout_vaults_ring
Vaults:5
Crypt:1:  layout_basic, fountainhead, library_closet
Crypt:2:  cheibrodos_crypt_down_in_the_bonehoard, layout_chaotic_city,
          uniq_margery
Crypt:3:  evilmike_haunted_forest
Depths:1: layout_forbidden_donut, hangedman_abyss_or_decor_lesser_grid,
          grunt_hell_entry_dis_mu, serial_shops, shop_fountains,
          hangedman_blasphemy
Depths:2: kennysheep_big_flooded_room, layout_cave_pools, hell_entry,
          evilmike_spriggan_trog_shrine, minmay_staircase_bubble,
          minmay_shop_grove, serial_bayou_shore_b
Depths:3: minmay_the_grid_four_pointed_star [minmay_the_grid_triangle_9x9_sprig,
          minmay_the_grid_triangle_9x9_limited_checkers,
          minmay_the_grid_triangle_9x9_flanged_cone,
          minmay_the_grid_triangle_9x9_empty,
          minmay_the_grid_prize_inner_circle], layout_honeycomb, serial_shops,
          nicolae_shop_competitors_out_of_business, hell_entry,
          serial_bayou_ford_a, grunt_pan_entry_zigzag, uniq_asterion
Depths:4: hangedman_arch_fort, layout_twisted_cross, enter_ziggurat_f,
          kennysheep_minor_cross, abyss_entry, serial_rivers,
          chequers_serial_rivers_room_a, chequers_serial_rivers_room_a,
          chequers_serial_rivers_large_a, chequers_serial_rivers_micro_e,
          chequers_serial_rivers_small_3, chequers_serial_rivers_room_a,
          grunt_metal_band, serial_shops, shop, uniq_enchantress, uniq_jory
Depths:5: evilmike_zot_entry_argh, layout_gridlike,
          pf_vacation_house_of_asmodeus, serial_sigils_hangedman_shear,
          minmay_strange_pillars
Hell
Dis:1:    layout_subdivisions
Dis:2:    layout_gridville
Dis:3:    layout_subdivisions
Tar:1:    layout_grid_maze
Tar:2:    layout_grid_maze
Tar:3:    layout_grid_maze
Tar:4:    layout_grid_maze, nicolae_tar_cuneiform_water
Tar:5:    layout_cathedral_of_symmetry
Tar:6:    layout_honeycomb
Tar:7:    tar_old

Skill      XL: |  1  2  3  4  5  6  7  8  9 10 11 12 13 14 15 16 17 18 19 20 21 22 23 24 25 26 27 |
---------------+----------------------------------------------------------------------------------+-----
Maces & Flails | 2 3 4 5 6 7 9 10 11 13 14 15 16 | 16.0
Fighting       | 4 5 6 7 9 12 13 | 13.0
Armour         | 3 4 5 7 10 12 14 15 17 19 21 22 23 | 23.0
Shields        | 3 6 11 12 | 12.0
Evocations     | 3 6 8 9 |  9.0
Invocations    | 3 6 9 10 | 10.0
Spellcasting   | 2 5 7 8 10 11 15 | 15.4
Long Blades    | 6 11 15 16 17 18 22 | 22.0
Necromancy     | 4 7 9 11 16 | 16.9
Transmutations | 4 7 9 11 16 | 16.9

Action                   |  1- 3 |  4- 6 |  7- 9 | 10-12 | 13-15 | 16-18 | 19-21 | 22-24 | 25-27 || total
-------------------------+-------+-------+-------+-------+-------+-------+-------+-------+-------++-------
Melee: Flail             |   126 |   188 |   145 |       |       |       |       |       |       ||   459
       Kick              |     8 |    50 |   121 |   196 |   525 |   734 |   912 |  1101 |  2802 ||  6449
       Whip              |       |       |   283 |   110 |       |       |       |       |       ||   393
       Morningstar       |       |       |       |   547 |  1252 |  1449 |  1556 |       |       ||  4804
       Unarmed           |       |       |       |       |     4 |       |       |       |       ||     4
       Eudemon blade     |       |       |       |       |       |       |   168 |  1794 |  4962 ||  6924
       Eveningstar       |       |       |       |       |       |       |     2 |       |       ||     2
 Cast: Regeneration      |       |       |       |       |       |       |       |       |    53 ||    53
Invok: Heroism           |       |       |       |    15 |    17 |    19 |    14 |    15 |     2 ||    82
       Finesse           |       |       |       |       |     3 |     6 |     4 |     4 |     2 ||    19
 Abil: Stop Flying       |       |       |       |       |     1 |       |       |       |       ||     1
Evoke: Wand              |       |       |       |     1 |     2 |     3 |     4 |     1 |     4 ||    15
       Phantom mirror    |       |       |       |       |       |     1 |       |       |       ||     1
  Use: Scroll            |       |     6 |     1 |    15 |     9 |     8 |    13 |    14 |    14 ||    80
       Potion            |       |       |     4 |     5 |     1 |     2 |     1 |     1 |    11 ||    25
 Stab: Paralysed         |       |       |       |       |       |       |       |       |     1 ||     1
       Distracted        |       |       |       |       |       |       |       |       |     1 ||     1
  Eat: Chunk             |     1 |     8 |    10 |    23 |    24 |    19 |    29 |    25 |    23 ||   162
       Ration            |       |       |     2 |     3 |     3 |     6 |     4 |     7 |    18 ||    43
Armor: Scale mail        |    67 |       |       |       |       |       |       |       |       ||    67
       Plate armour      |       |   117 |   173 |   338 |   613 |   952 |   136 |   617 |       ||  2946
       Chain mail        |       |       |       |       |       |       |   692 |       |       ||   692
       Gold dragon scale |       |       |       |       |       |       |       |   218 |  2702 ||  2920
Dodge: Dodged            |    24 |    17 |    50 |   125 |   150 |   225 |   233 |   301 |   682 ||  1807
       Deflected         |       |       |     3 |     8 |    10 |    14 |       |       |       ||    35
Block: Shield            |    69 |    55 |       |       |       |       |   250 |   977 |  2818 ||  4169
       Buckler           |       |    13 |    50 |   114 |   202 |   282 |   218 |       |       ||   879
       Rpst.: Eudemon blade |       |       |       |       |       |       |     7 |    66 |   130 ||   203

Table legend:
 A = Non-vault XP
 B = Vault XP
 C = Vault XP percentage of total XP
 D = Non-vault monster count
 E = Vault monster count
 F = Vault count percentage of total count
                 A         B        C        D         E       F
            +---------+---------+-------+---------+---------+-------
      Total | 1402796 |  842691 |  37.5 |    2466 |    1086 |  30.6
            +---------+---------+-------+---------+---------+-------
        D:1 |      31 |       0 |   0.0 |      16 |       0 |   0.0
        D:2 |      46 |      63 |  57.8 |       8 |       8 |  50.0
        D:3 |     100 |     120 |  54.5 |      23 |       6 |  20.7
        D:4 |     293 |     176 |  37.5 |      19 |       1 |   5.0
        D:5 |     663 |     924 |  58.2 |      14 |       5 |  26.3
        D:6 |     430 |     218 |  33.6 |      12 |       2 |  14.3
        D:7 |    1457 |     172 |  10.6 |      35 |       1 |   2.8
        D:8 |    1270 |    3461 |  73.2 |       7 |      15 |  68.2
        D:9 |    1877 |    2324 |  55.3 |      19 |       6 |  24.0
       D:10 |    2355 |    2333 |  49.8 |      36 |      10 |  21.7
       D:11 |    8949 |       0 |   0.0 |      54 |       0 |   0.0
       D:12 |    1898 |    4159 |  68.7 |      16 |       6 |  27.3
       D:13 |   16357 |    6956 |  29.8 |      45 |      11 |  19.6
       D:14 |    9352 |       0 |   0.0 |      26 |       0 |   0.0
       D:15 |   24642 |    4654 |  15.9 |      38 |       6 |  13.6
     Lair:1 |    2192 |     807 |  26.9 |      11 |       1 |   8.3
     Lair:2 |    2161 |       0 |   0.0 |      12 |       0 |   0.0
     Lair:3 |    1594 |     867 |  35.2 |      10 |      10 |  50.0
     Lair:4 |    4286 |    8851 |  67.4 |      12 |      46 |  79.3
     Lair:5 |    9761 |    8612 |  46.9 |      27 |      23 |  46.0
     Lair:6 |    5824 |   14721 |  71.7 |      26 |      30 |  53.6
    Swamp:1 |   15525 |       0 |   0.0 |      33 |       0 |   0.0
    Swamp:2 |   14579 |       0 |   0.0 |      38 |       0 |   0.0
    Swamp:3 |    5205 |   15287 |  74.6 |      12 |       4 |  25.0
    Swamp:4 |    7054 |   18673 |  72.6 |      19 |      32 |  62.7
    Snake:1 |   19567 |    2058 |   9.5 |      39 |       1 |   2.5
    Snake:2 |   17550 |    3687 |  17.4 |      37 |       2 |   5.1
    Snake:3 |   20143 |    7261 |  26.5 |      40 |       5 |  11.1
    Snake:4 |    8893 |   62200 |  87.5 |      16 |     107 |  87.0
      Orc:1 |    3583 |    1308 |  26.7 |      39 |       5 |  11.4
      Orc:2 |    8562 |   15880 |  65.0 |      79 |      73 |  48.0
      Elf:1 |   18611 |    5032 |  21.3 |      28 |       6 |  17.6
      Elf:2 |   17450 |   25060 |  59.0 |      35 |      29 |  45.3
      Elf:3 |   11885 |   52246 |  81.5 |      20 |      31 |  60.8
   Vaults:1 |   37335 |   37743 |  50.3 |      57 |      57 |  50.0
   Vaults:2 |   51240 |   33250 |  39.4 |      90 |      44 |  32.8
   Vaults:3 |   32285 |   18440 |  36.4 |      44 |      28 |  38.9
   Vaults:4 |   14356 |   46117 |  76.3 |      27 |      52 |  65.8
   Vaults:5 |   29033 |   83588 |  74.2 |      53 |      54 |  50.5
    Crypt:1 |   46764 |       0 |   0.0 |      64 |       0 |   0.0
    Crypt:2 |   14383 |   38335 |  72.7 |      28 |      34 |  54.8
    Crypt:3 |       0 |   65941 | 100.0 |       0 |      99 | 100.0
   Depths:1 |   70722 |   19730 |  21.8 |      97 |      26 |  21.1
   Depths:2 |   26286 |    7355 |  21.9 |      30 |       7 |  18.9
   Depths:3 |   31132 |   23063 |  42.6 |      36 |      24 |  40.0
   Depths:4 |   50526 |   52285 |  50.9 |      50 |      38 |  43.2
   Depths:5 |   36497 |   13220 |  26.6 |      31 |       7 |  18.4
       Hell |   19799 |   24520 |  55.3 |      21 |      41 |  66.1
      Dis:1 |   34466 |       0 |   0.0 |      81 |       0 |   0.0
      Dis:2 |   31144 |       0 |   0.0 |      72 |       0 |   0.0
      Dis:3 |   12966 |       0 |   0.0 |      31 |       0 |   0.0
      Tar:1 |   84456 |       0 |   0.0 |     138 |       0 |   0.0
      Tar:2 |   90886 |       0 |   0.0 |     114 |       0 |   0.0
      Tar:3 |   46131 |       0 |   0.0 |      49 |       0 |   0.0
      Tar:4 |   61341 |       0 |   0.0 |      82 |       0 |   0.0
      Tar:5 |   76195 |       0 |   0.0 |     100 |       0 |   0.0
      Tar:6 |   88193 |       0 |   0.0 |     102 |       0 |   0.0
      Tar:7 |  120748 |  100100 |  45.3 |      99 |      69 |  41.1
    Abyss:2 |   31767 |     135 |   0.4 |      69 |       1 |   1.4
    Volcano |       0 |    8243 | 100.0 |       0 |      19 | 100.0
   Gauntlet |       0 |    2516 | 100.0 |       0 |       4 | 100.0
            +---------+---------+-------+---------+---------+-------
